 Dungeon Crawl Stone Soup version 0.31.0-12-g77e489cdc1 (webtiles) character file.

Game seed: 5536606879184626803

2844 Silvore the Cleaver (level 9, -9/79 HPs)
             Began as a Minotaur Fighter on Feb 22, 2024.
             Was a Priest of Okawaru.
             Mangled by an orc warrior
             ... wielding a +0 glaive
              (20 damage)
             ... in a bailey.
             The game lasted 00:08:21 (5582 turns).

Silvore the Cleaver (Minotaur Fighter)              Turns: 5582, Time: 00:08:21

Health: -9/79      AC: 15    Str: 24    XL:     9   Next: 46%
Magic:  0/8        EV: 10    Int:  5    God:    Okawaru [***...]
Gold:   323        SH:  5    Dex: 11    Spells: 8/8 levels left

rFire   + + .        a - +2 war axe (venom)
rCold   x . .        c - +0 buckler
rNeg    . . .        j - +3 fire dragon scales
rPois   .            (helmet restricted)
rElec   .            (no cloak)
rCorr   +            (no gloves)
SInv    .            v - +0 pair of boots
Will    .....        t - amulet of guardian spirit Stlth
                     g - ring of resist corrosion
HPRegen 0.33/turn    o - ring of resist corrosion
MPRegen 0.11/turn

%: guardian spirit
@: mighty
A: horns 2, retaliatory headbutt
a: Renounce Religion, Heroism


You were in a bailey.
You worshipped Okawaru.
Okawaru was most pleased with you.
You visited 2 branches of the dungeon, and saw 8 of its levels.
You also visited: Bailey.

You collected 323 gold pieces.

Inventory:

Hand Weapons
 a - a +2 war axe of venom (weapon)
Armour
 b - a +0 scale mail
 c - a +0 buckler (worn)
 j - +3 fire dragon scales (worn)
 v - a +0 pair of boots (worn)
Jewellery
 g - a ring of resist corrosion (left hand)
 o - a ring of resist corrosion (right hand)
 t - an amulet of guardian spirit (around neck)
Scrolls
 e - a scroll of teleportation
 f - a scroll of identify
 p - a scroll of amnesia
 q - 2 scrolls of poison
 s - a scroll of brand weapon
Potions
 d - 3 potions of might
 h - 2 potions of curing
 i - 2 potions of enlightenment
 k - 3 potions of lignification
 l - 2 potions of mutation
 m - 4 potions of berserk rage
 n - a potion of cancellation
 r - a potion of heal wounds
 u - a potion of invisibility


   Skills:
 + Level 7.3 Fighting
 + Level 11.0 Axes
 + Level 8.1 Armour
 + Level 3.1 Dodging
 + Level 0.7 Stealth
 + Level 5.8 Shields


You had 8 spell levels left.
You didn't know any spells.
Your spell library contained the following spells:

 Spells                   Type           Power      Damage    Failure   Level
 Apportation              Tloc           0%         N/A       85%         1
 Foxfire                  Conj/Fire      0%         2x1d4     85%         1
 Slow                     Hex            0%         N/A       85%         1
 Jinxbite                 Hex            0%         N/A       94%         2
 Confusing Touch          Hex            0%         N/A       99%         3
 Dazzling Flash           Conj/Hex       0%         N/A       99%         3
 Hailstorm                Conj/Ice       0%         3d5       99%         3
 Mephitic Cloud           Conj/Alch/Air  0%         N/A       99%         3
 Sigil of Binding         Hex            0%         N/A       99%         3
 Vampiric Draining        Necr           0%         2d6       99%         3
 Alistair's Intoxication  Alch           0%         N/A       100%        5
 Curse of Agony           Necr           0%         N/A       100%        5
 Silence                  Hex/Air        0%         N/A       100%        5
 Plasma Beam              Fire/Air       0%         2x1d10    100%        6
 Starburst                Conj/Fire      0%         6d3       100%        6
 Summon Ice Beast         Ice/Summ       Unusable   N/A       N/A         3
 Sculpt Simulacrum        Ice/Alch       Unusable   N/A       N/A         6

Dungeon Overview and Level Annotations

Branches:
Dungeon (7/15)             Temple (1/1) D:6          Bailey (1/1)

Altars:
Cheibriados
Dithmenos
Hepliaklqana
Kikubaaqudgha
Makhleb
Okawaru
Qazlal
Trog
Uskayaw
Vehumet
Wu Jian
Yredelemnul
The Shining One

Shops:
D:1 :   D:4 (

Annotations:
Bailey 2 runed translucent doors


Innate Abilities, Weirdness & Mutations

You have a pair of horns on your head.
You reflexively headbutt those who attack you in melee.


Message History

You headbutt the orc warrior!
An orc warrior comes into view. It is wielding a +0 glaive.
You hit the orc warrior but do no damage.
The orc warrior is moderately wounded.
An orc warrior comes into view. It is wielding a +0 glaive.
The orc warrior shouts!
The orc warrior hits you with a +0 glaive!
You closely miss the orc warrior.
The orc warrior is moderately wounded.
The orc warrior barely misses you.
You barely miss the orc warrior.
The orc warrior is moderately wounded.
The orc warrior hits you but does no damage.
The orc warrior barely misses you.
Found a large runed translucent door.
The orc warrior hits you but does no damage. x2
An orc knight and 2 orcs come into view.
The orc shouts! x2; You hear a shout!
The orc warrior hits you with a +0 trident.
The orc warrior barely misses you.
The orc knight roars a battlecry!
The orcs go into a battle-frenzy!
The orc warrior attacks as it pursues you!
The orc warrior hits you from afar with a +0 glaive!
The orc warrior hits you with a +0 glaive!
You hear a shout!
The orc warrior barely misses you.
The orc warrior hits you from afar with a +0 glaive!!
The orc warrior barely misses you. x2
You closely miss the orc warrior. Your headbutt misses the orc warrior.
The orc warrior is moderately wounded.
You hit the orc warrior. You barely miss the orc warrior.
The orc warrior closely misses you.
The orc warrior hits you from afar with a +0 glaive!
* * * LOW HITPOINT WARNING * * *
The orc warrior hits you but does no damage. x2
The orc warrior hits you with a +0 trident.
* * * LOW HITPOINT WARNING * * *
The orc warrior hits you from afar with a +0 glaive!!
You die...

#### ≈≈≈≈≈ ♣♣♣♣≈≈≈≈≈
♣♣..≈≈≈≈≈. #♣..≈≈≈≈≈..
#...≈≈≈≈..####
####..≈≈≈≈≈..#$.##########
#.....≈≈≈≈...#..o.o.......
..♣♣..≈≈≈≈...##.@oo...o...
...♣..≈≈≈≈....#..########.
.....######...#.8# .e.#
......).).....#..# ...#
.......)......'..# #..+o
..............'..# ..+o
..............#..# .#.
.....######...#.8#
......≈≈≈≈....#..#


You could see an orc knight and 4 orc warriors.

Vanquished Creatures
  A hornet (D:7)
  A wyvern (D:7)
  3 steam dragons
  Edmund (D:4)
  Menkaure (D:5)
  An acid dragon (D:6)
  A water moccasin (D:5)
  3 black bears
  3 orc warriors
  2 ice beasts
  An ogre (D:6)
  A phantom (D:5)
  A kobold brigand (D:4)
  A bullfrog (D:6)
  3 scorpions
  A hound (D:3)
  An orc priest (D:5)
  3 iguanas
  A sleepcap (D:6)
  4 orc wizards
  Robin (D:3)
  3 gnolls (D:5)
  7 adders
  2 dart slugs (D:1)
  3 ribbon worms
  19 orcs
  6 endoplasms
  5 giant cockroaches
  11 goblins
  9 hobgoblins
  7 jackals
  3 quokkas
  4 ball pythons
  11 bats
  5 frilled lizards
  6 kobolds
  4 rats
140 creatures vanquished.

Notes
Turn   | Place    | Note
-------+----------+-------------------------------------------
     0 | D:1      | Silvore the Minotaur Fighter began the quest for the Orb.
     0 | D:1      | Reached XP level 1. HP: 19/19 MP: 0/0
   190 | D:1      | Found Cuorph's Book Emporium.
   197 | D:1      | Reached XP level 2. HP: 27/27 MP: 1/1
   328 | D:1      | Found a faded altar of an unknown god.
   527 | D:1      | Reached XP level 3. HP: 33/33 MP: 2/2
   938 | D:2      | Reached skill level 3 in Axes
   983 | D:2      | Found a shadowy altar of Dithmenos.
  1118 | D:2      | Reached XP level 4. HP: 36/40 MP: 3/3
  1526 | D:3      | Found a stormy altar of Qazlal.
  1583 | D:3      | Reached skill level 4 in Axes
  1638 | D:3      | Identified the +0 helmet of Boheeru {Int+4}
  1638 | D:3      | Noticed Robin
  1646 | D:3      | Killed Robin
  1695 | D:3      | Reached XP level 5. HP: 43/47 MP: 4/4
  2212 | D:4      | Noticed Edmund
  2213 | D:4      | Found an ornate altar of the Wu Jian Council.
  2224 | D:4      | Killed Edmund
  2225 | D:4      | Reached skill level 5 in Axes
  2225 | D:4      | Reached skill level 1 in Dodging
  2225 | D:4      | Reached XP level 6. HP: 31/53 MP: 5/5
  2492 | D:4      | Reached skill level 5 in Armour
  2637 | D:4      | Found Vurucaro's Antique Weapon Shoppe.
  2767 | D:4      | HP: 1/53 [kobold brigand/+0 short sword (5)]
  3027 | D:5      | Entered Level 5 of the Dungeon
  3041 | D:5      | Reached skill level 6 in Axes
  3332 | D:5      | Reached skill level 5 in Fighting
  3332 | D:5      | Reached XP level 7. HP: 43/61 MP: 6/6
  3348 | D:5      | Found a radiant altar of Vehumet.
  3476 | D:5      | Reached skill level 7 in Axes
  3712 | D:5      | Found an iron altar of Okawaru.
  3712 | D:5      | Found a shadowy altar of Dithmenos.
  3723 | D:5      | Became a worshipper of Warmaster Okawaru
  3828 | D:5      | Noticed Menkaure
  3832 | D:5      | Killed Menkaure
  3833 | D:5      | Reached skill level 5 in Shields
  4159 | D:6      | Reached skill level 8 in Axes
  4159 | D:6      | Reached XP level 8. HP: 70/70 MP: 7/7
  4396 | D:6      | Reached * piety under Okawaru
  4471 | D:6      | Reached skill level 9 in Axes
  4553 | D:6      | Found a staircase to the Ecumenical Temple.
  4559 | Temple   | Entered the Ecumenical Temple
  4805 | D:6      | Reached ** piety under Okawaru
  4873 | D:7      | Reached skill level 10 in Axes
  4873 | D:7      | Reached XP level 9. HP: 50/78 MP: 4/8
  4969 | D:7      | Found a burning altar of Makhleb.
  5094 | D:7      | Found a basalt altar of Yredelemnul.
  5255 | D:7      | Reached *** piety under Okawaru
  5350 | D:7      | Found a flagged portal.
  5358 | Bailey   | Entered a bailey
  5381 | Bailey   | Reached skill level 11 in Axes
  5578 | Bailey   | Found a large runed translucent door.
  5578 | Bailey   | Found a large runed translucent door.
  5579 | Bailey   | Noticed a deep elf pyromancer
  5579 | Bailey   | Noticed an orc knight
  5582 | Bailey   | Mangled by an orc warrior

Illustrated notes

Levels and vault maps discovered:
D:1:      wander_arrival_abandoned_jail, layout_loops_cross, serial_shops,
          nicolae_diamond_shop, chequers_ecumenical_altar_twisty,
          chequers_jeans, minmay_misc_feat_chi, minmay_octomino_e4
D:2:      layout_rooms, basic_altar, palyth_stone_intersect, nrook_loot_triangle
D:3:      layout_loops_ring, grunt_qazlal_clouds, uniq_robin
D:4:      layout_loops_ring, old_standard_altar, serial_shops, shop,
          dk_rats_in_the_wall, uniq_edmund
D:5:      layout_loops_ring, vehumet_crystals, nicolae_overflow_two_pavilions,
          dreamdust_mushroom_princess, corexii_checkpoint, minivault_25,
          uniq_menkaure
D:6:      layout_loops_cross, minmay_temple_entry_statues_pillars
D:7:      layout_basic, mainiacjoe_overflow_boulevard, general_overflow_altar,
          enter_bailey_2, chequers_serial_rivers_small_3, st_stairs_5
Temple:   nicolae_temple_stand_before_the_council
Bailey:   bailey_polearm_elven_captive_hellmonk, bailey

Skill      XL: |  1  2  3  4  5  6  7  8  9 |
---------------+----------------------------+-----
Fighting       | 4 5 6 7 |  7.3
Armour         | 4 5 6 7 8 |  8.1
Shields        | 4 5 |  5.8
Axes           | 3 4 5 6 8 10 11 | 11.0
Dodging        | 1 2 3 |  3.1
Stealth        | |  0.7

Action                     |  1- 3 |  4- 6 |  7- 9 || total
---------------------------+-------+-------+-------++-------
  Melee: War axe           |    74 |   108 |   128 ||   310
         Headbutt          |    11 |    18 |    26 ||    55
    Use: Scroll            |     2 |    11 |     9 ||    22
         Potion            |       |     2 |     1 ||     3
 Armour: Scale mail        |    28 |       |       ||    28
         Fire dragon scale |    57 |    78 |   108 ||   243
  Dodge: Dodged            |    38 |    56 |    82 ||   176
  Block: Buckler           |    15 |    22 |    34 ||    71
